 Dungeon Crawl Stone Soup version 0.27.1-37-g7b29ead8ac (webtiles) character file.

Game seed: 5122550749202204146

1914 Pixllover the Basher (level 9, -7/54 HPs)
             Began as a Gargoyle Berserker on Sept 16, 2023.
             Was an Elder of Trog.
             Mangled by a two-headed ogre (21 damage)
             ... on level 8 of the Dungeon.
             The game lasted 00:26:35 (7313 turns).

Pixllover the Basher (Gargoyle Berserker)           Turns: 7313, Time: 00:26:35

Health: -7/54      AC: 21    Str: 23    XL:     9   Next: 16%
Magic:  9/9        EV: 12    Int:  9    God:    Trog [****..]
Gold:   333        SH:  3    Dex:  9    Spells: 8/8 levels left

rFire    . . .     SeeInvis .   m - +3 rapier (flame)
rCold    . . .     Faith    +   h - +0 buckler
rNeg     + . .     Spirit   .   B - +0 chain mail
rPois    ∞         Reflect  .   l - +0 helmet
rElec    +         Harm     .   j - +1 cloak
rCorr    .         Rampage  .   b - +0 pair of gloves
Will     .....                  (no boots)
Stlth    ..........             x - amulet of faith
HPRegen  0.18/turn              c - +4 ring of evasion
MPRegen  0.11/turn              (no ring)

@: studying Maces & Flails
A: sickness immunity, AC +6, negative energy resistance 1, electricity
resistance, torment resistance 1, petrification resistance
a: Renounce Religion, Berserk, Trog's Hand, Brothers in Arms


You were on level 8 of the Dungeon.
You worshipped Trog.
Trog was greatly pleased with you.
You visited 1 branch of the dungeon, and saw 10 of its levels.
You also visited: Sewer.

You collected 333 gold pieces.

Inventory:

Hand Weapons
 a - a +0 mace
 m - a +3 rapier of flaming (weapon)
 w - the +6 whip of Wrongful Imprisonment {protect, Will+ Dex-3 Stlth+}
   (You found it in a sewer)

   It grants its wielder temporary protection when it strikes (+7 to AC).
   Dex:       It affects your dexterity (-3).
   Will:      It increases your willpower.
   Stlth:     It makes you more stealthy.
Missiles
 i - 44 sling bullets
 n - 6 boomerangs (quivered)
 q - 14 poisoned darts
 G - 3 atropa-tipped darts
Armour
 b - a +0 pair of gloves (worn)
 h - a +0 buckler (worn)
 j - a +1 cloak (worn)
 l - a +0 helmet (worn)
 B - a +0 chain mail (worn)
Jewellery
 c - a +4 ring of evasion (left hand)
 x - an amulet of faith (around neck)
 D - a ring of fire
Wands
 u - a wand of charming (6)
 C - a wand of iceblast (7)
 F - a wand of paralysis (5)
Scrolls
 d - 2 scrolls of acquirement
 o - a scroll of teleportation {unknown}
 y - a scroll of identify
 z - a scroll of magic mapping {unknown}
 H - a scroll of enchant weapon {unknown}
Potions
 e - 2 potions of resistance
 f - 4 potions of curing
 g - a potion of haste {unknown}
 k - 4 potions of heal wounds {unknown}
 p - 2 potions of mutation {unknown}
 r - 3 potions of cancellation
 s - 3 potions of brilliance {unknown}
 t - a potion of might {unknown}
 v - a potion of magic {unknown}
 A - a potion of ambrosia {unknown}
 E - 2 potions of lignification {unknown}


   Skills:
 + Level 5.0 Fighting
 * Level 3.3 Short Blades
 + Level 9.6 Maces & Flails
 + Level 1.6 Throwing
 + Level 5.4 Armour
 + Level 4.5 Dodging
 + Level 1.7 Stealth
 + Level 1.5 Shields


You had 8 spell levels left.
You didn't know any spells.
Your spell library was empty.

Dungeon Overview and Level Annotations

Branches:
Dungeon (10/15)             Sewer (visited)
 Temple: D:4-7         Lair: D:8-11         Orc: D:9-12

Altars:
Cheibriados
Elyvilon
Gozag
Kikubaaqudgha
Qazlal
Ru
Sif Muna
Xom
Zin
The Shining One

Shops:
D:2 (   D:6 *   D:7 *

Annotations:
D:6 2 transporters, peterlawrence's ghost, novice MiFi


Innate Abilities, Weirdness & Mutations

You are immune to sickness and miasma.
Your stone body is resilient. (AC +6)
You are immune to poison.
You resist negative energy. (rN+)
You are resistant to electric shocks. (rElec)
You are resistant to unholy torment.
You are immune to petrification.


Message History

The bullfrog snags a nearby blue-tailed skink with its tongue.
The bullfrog hits you but does no damage.
The bullfrog misses you.
The bullfrog hits you but does no damage.
You closely miss the bullfrog. You puncture the two-headed ogre!
You burn the two-headed ogre.
The two-headed ogre is lightly wounded.
The two-headed ogre hits you with a +0 giant spiked club.
The two-headed ogre closely misses you.
You hit the two-headed ogre. You burn the two-headed ogre.
The two-headed ogre is lightly wounded.
The two-headed ogre closely misses you.
The two-headed ogre hits you with a +0 giant spiked club.
You hit the two-headed ogre. You burn the two-headed ogre.
The two-headed ogre is moderately wounded.
The two-headed ogre hits you but does no damage.
The two-headed ogre hits you with a +0 giant spiked club.
You puncture the two-headed ogre! You burn the two-headed ogre.
The two-headed ogre is heavily wounded.
The two-headed ogre misses you.
The two-headed ogre hits you but does no damage.
You barely miss the two-headed ogre.
The two-headed ogre is heavily wounded.
You hit the two-headed ogre. You burn the two-headed ogre.
The two-headed ogre is heavily wounded.
The two-headed ogre hits you but does no damage. x2
You hit the two-headed ogre. You burn the two-headed ogre.
The two-headed ogre is severely wounded.
The two-headed ogre hits you with a +0 giant spiked club!!
Ouch! That really hurt!
* * * LOW HITPOINT WARNING * * *
The two-headed ogre barely misses you.
Found a stone staircase leading up.
The two-headed ogre hits you with a +0 giant spiked club.
* * * LOW HITPOINT WARNING * * *
The two-headed ogre barely misses you.
There is a stone staircase leading up here.
You block the two-headed ogre's attack.
The two-headed ogre hits you with a +0 giant spiked club!!
You die...

### #####
#.########.#.#
#..........#..
#.########.#.#
#.########.#.#
#F..F...##.#.##
#######.##.FO@#
######.##...##
##.......#...#
.........#.....
##.......######.
##.............
..
.......>..#####
. #.....?......#
#.........##...


You could see a two-headed ogre and a bullfrog.

Vanquished Creatures
  A water moccasin (D:9)
  A sky beast (D:5)
  A hornet zombie (D:7)
  A necrophage (D:6)
  An ogre (D:6)
  A kobold brigand (Sewer)
  A scorpion (D:6)
  3 electric eels (D:6)
  2 bullfrog zombies
  4 jellies
  An orc priest (D:4)
  5 hounds
  An iron imp (D:5)
  2 centaur skeletons
  4 bullfrog skeletons
  3 orc wizards
  3 iguanas
  A scorpion zombie (D:5)
  A hound zombie (D:5)
  Robin (D:2)
  A howler monkey skeleton (D:7)
  4 gnolls
  6 adders
  2 ufetubi
  3 worms
  A dart slug (D:4)
  15 orcs
  7 endoplasms
  15 giant cockroaches
  20 goblins
  7 hobgoblins
  8 jackals
  5 quokkas
  9 ball pythons
  9 bats
  5 frilled lizards
  19 kobolds
  4 rats
178 creatures vanquished.

Vanquished Creatures (collateral kills)
  2 wraiths (D:9)
  A centaur zombie (D:9)
  A gnoll shaman (D:9)
  3 gnolls (D:9)
7 creatures vanquished.

Vanquished Creatures (others)
  30 fungi (D:9)
  43 plants
73 creatures vanquished.

Grand Total: 258 creatures vanquished

Notes
Turn   | Place    | Note
-------+----------+-------------------------------------------
     0 | D:1      | Pixllover the Gargoyle Berserker began the quest for the
                  | Orb.
     0 | D:1      | Reached XP level 1. HP: 14/14 MP: 1/1
   320 | D:1      | Reached XP level 2. HP: 16/19 MP: 2/2
   823 | D:1      | Reached XP level 3. HP: 24/24 MP: 3/3
  1142 | D:2      | Reached ** piety under Trog
  1175 | D:2      | Found Ingocvul's Weapon Boutique.
  1418 | D:2      | Reached skill level 4 in Maces & Flails
  1517 | D:2      | Reached XP level 4. HP: 26/29 MP: 4/4
  1868 | D:2      | Identified 2 scrolls of acquirement
  1868 | D:2      | Acquired a manual of Maces & Flails
  2039 | D:2      | Noticed Robin
  2077 | D:2      | Killed Robin
  2078 | D:2      | Reached XP level 5. HP: 33/33 MP: 5/5
  2152 | D:2      | Reached *** piety under Trog
  2315 | D:3      | Reached skill level 5 in Maces & Flails
  2492 | D:3      | Found a stormy altar of Qazlal.
  2576 | D:3      | Found a glowing drain.
  2639 | Sewer    | Entered a sewer
  2669 | Sewer    | Noticed a kobold brigand
  2688 | Sewer    | Killed a kobold brigand
  2689 | Sewer    | Reached XP level 6. HP: 15/38 MP: 6/6
  3093 | Sewer    | Identified the +6 whip of Wrongful Imprisonment {protect,
                  | Will+ Dex-3 Stlth+}
  3166 | D:3      | Reached **** piety under Trog
  3240 | D:3      | Found a shimmering altar of Xom.
  3378 | D:3      | Found a sacrificial altar of Ru.
  3388 | D:3      | Reached skill level 6 in Maces & Flails
  3769 | D:4      | Found an ancient bone altar of Kikubaaqudgha.
  3876 | D:4      | Found a glowing golden altar of the Shining One.
  4075 | D:4      | Found a shimmering blue altar of Sif Muna.
  4360 | D:5      | Entered Level 5 of the Dungeon
  4425 | D:4      | Reached XP level 7. HP: 23/44 MP: 7/7
  4582 | D:5      | Reached skill level 7 in Maces & Flails
  4625 | D:5      | Reached skill level 1 in Stealth
  4683 | D:5      | Reached skill level 1 in Throwing
  5253 | D:5      | Found a white marble altar of Elyvilon.
  5588 | D:5      | Reached XP level 8. HP: 48/48 MP: 8/8
  5692 | D:5      | Found a snail-covered altar of Cheibriados.
  5783 | D:6      | Reached skill level 8 in Maces & Flails
  5845 | D:6      | Found Zin's Purification Station.
  5845 | D:6      | Found a glowing silver altar of Zin.
  5965 | D:6      | Found a transporter.
  5966 | D:6      | Noticed peterlawrence's ghost (novice MiFi)
  5969 | D:6      | Found a transporter.
  6032 | D:6      | Reached ***** piety under Trog
  6043 | D:6      | Reached skill level 9 in Maces & Flails
  6102 | D:6      | HP: 2/48 [acid (6)]
  6181 | D:6      | Received a gift from Trog
  6492 | D:6      | Reached skill level 5 in Armour
  6963 | D:7      | Found Wethuoru's Overcharged Wands.
  7024 | D:7      | Reached skill level 1 in Shields
  7052 | D:7      | Reached skill level 1 in Short Blades
  7073 | D:7      | Found an opulent altar of Gozag.
  7082 | D:7      | You fall into a shaft and drop 3 floors!
  7082 | D:10     | Entered Level 10 of the Dungeon
  7102 | D:10     | Noticed a yak
  7102 | D:10     | Noticed a yak
  7102 | D:10     | Noticed a yak
  7103 | D:10     | Noticed a yak
  7133 | D:9      | Noticed a wraith
  7140 | D:9      | Noticed a wraith
  7155 | D:9      | Reached skill level 5 in Fighting
  7155 | D:9      | Reached XP level 9. HP: 27/54 MP: 9/9
  7274 | D:8      | Noticed a two-headed ogre
  7313 | D:8      | Mangled by a two-headed ogre

Illustrated notes

Levels and vault maps discovered:
D:1:      dpeg_arrival_circle_labyrinth_c, layout_rooms, bh_walls_and_bars
D:2:      layout_rooms, serial_shops, nicolae_shop_stone, uniq_robin
D:3:      layout_loops_ring, amcnicky_altar_gilded,
          mainiacjoe_overflow_concentric_impassable, grunt_qazlal_clouds,
          gup_sewer_entry_glass
D:4:      layout_rooms, mainiacjoe_overflow_small_starburst, tgw_sif,
          mainiacjoe_overflow_paths
D:5:      layout_layer_cave, mainiacjoe_overflow_alcove_4, chei_slow_surprise
D:6:      layout_basic, zin_purify, gammafunk_ghost_arena, serial_bayou,
          serial_bayou_lake_a, serial_bayou_ford_a, serial_bayou_pond_d,
          serial_bayou_pond_b, minmay_fountain_box, serial_park_tiny_pond
D:7:      layout_rooms, lemuel_tele_altar, grunt_gozag_statues, temple_green,
          serial_shops, nicolae_take_the_stairs, nicolae_shop_overcharged_wands,
          uniq_pikel
D:8:      layout_basic, lemuel_doored_altar, mainiacjoe_overflow_alcove_2,
          kennysheep_nub
D:9:      layout_long_grid, due_lair_maze_entry_diamond
D:10:     layout_loops_corners, kennysheep_another_room, minmay_librarian,
          uniq_maggie

Skill      XL: |  1  2  3  4  5  6  7  8  9 |
---------------+----------------------------+-----
Maces & Flails | 4 5 6 7 9 |  9.6
Dodging        | 2 3 4 |  4.5
Fighting       | 4 5 |  5.0
Armour         | 3 4 5 |  5.4
Stealth        | 1 |  1.7
Throwing       | 1 |  1.6
Shields        | 1 |  1.5
Short Blades   | 2 3 |  3.3

Action                   |  1- 3 |  4- 6 |  7- 9 || total
-------------------------+-------+-------+-------++-------
Melee: Mace              |   130 |   260 |       ||   390
       Whip              |       |    92 |   178 ||   270
       Rapier            |       |       |    56 ||    56
Throw: Boomerang         |       |     6 |       ||     6
Invok: Brothers in Arms  |       |       |     1 ||     1
  Use: Scroll            |       |     5 |     3 ||     8
 Stab: Sleeping          |       |     1 |       ||     1
Armor: Animal skin       |     7 |       |       ||     7
       Ring mail         |    55 |   191 |       ||   246
       Chain mail        |       |       |   111 ||   111
Dodge: Dodged            |   140 |   430 |   104 ||   674
Block: Buckler           |       |       |    14 ||    14
